 Dungeon Crawl Stone Soup version 0.31.0-11-ge490571c62 (webtiles) character file.

Game seed: 5540273202670027271

238 Gadfly the Insei (level 5, 0/41 HPs)
             Began as a Demonspawn Monk on Feb 3, 2024.
             Slain by a bullfrog (5 damage)
             ... on level 4 of the Dungeon.
             The game lasted 00:03:20 (3190 turns).

Gadfly the Insei (Demonspawn Monk)                  Turns: 3190, Time: 00:03:21

Health: 0/41       AC:  4    Str: 14    XL:     5   Next: 78%
Magic:  5/5        EV: 13    Int: 10    God:
Gold:   102        SH:  0    Dex: 15    Spells: 4/4 levels left

rFire   . . .        b - +1 dagger (venom)
rCold   . . .        c - orb {light}
rNeg    + . .        n - +0 robe
rPois   .            t - +0 helmet
rElec   .            (no cloak)
rCorr   .            (no gloves)
SInv    .            q - +0 pair of boots
Will    +....        (no amulet)
Stlth   +            h - ring of positive energy
HPRegen 0.26/turn    i - ring of willpower
MPRegen 0.09/turn

%: no passive effects
@: glowing
A: sturdy frame 2, demonic touch 1
a: no special abilities


You were on level 4 of the Dungeon.
You visited 1 branch of the dungeon, and saw 4 of its levels.

You collected 116 gold pieces.
You spent 14 gold pieces at shops.

Inventory:

Hand Weapons
 b - a +1 dagger of venom (weapon)
 k - a +2 mace of protection
Armour
 c - an orb of light (worn)
 n - a +0 robe (worn)
 q - a +0 pair of boots (worn)
 t - a +0 helmet (worn)
Jewellery
 h - a ring of positive energy (left hand)
 i - a ring of willpower (right hand)
Wands
 p - a wand of mindburst (11)
Scrolls
 a - a scroll of silence
 j - 2 scrolls of identify
Potions
 d - a potion of mutation
 e - 3 potions of curing
 f - a potion of heal wounds {unknown}
 g - a potion of berserk rage {unknown}
 l - a potion of ambrosia
 m - 2 potions of resistance {unknown}
 o - 2 potions of degeneration


   Skills:
 - Level 3.0 Fighting
 + Level 3.3 Dodging
 * Level 3.9 Unarmed Combat
 * Level 2.8 Evocations
 * Level 2.3 Shapeshifting


You had 4 spell levels left.
You didn't know any spells.
Your spell library was empty.

Dungeon Overview and Level Annotations

Branches:
Dungeon (4/15)
 Temple: D:4-7

Altars:

Shops:
D:3 =(!


Innate Abilities, Weirdness & Mutations

Your movements are less encumbered by armour. (ER -4)
Your touch may inflict minor irresistible damage on your foes.


Message History

You kill the orc priest!
The bullfrog hits you. The kobold hits you with a +0 whip.
You hit the bullfrog.
The bullfrog is poisoned.
The bullfrog is lightly wounded.
The bullfrog hits you! x2; The kobold barely misses you.
You are too injured to fight recklessly!
You are too injured to fight recklessly!
You are too injured to fight recklessly!
You are too injured to fight recklessly!
You are too injured to fight recklessly!
You are too injured to fight recklessly!
You are too injured to fight recklessly!
You are too injured to fight recklessly!
You are too injured to fight recklessly!
You are too injured to fight recklessly!
You are too injured to fight recklessly!
You are too injured to fight recklessly!
You are too injured to fight recklessly!
You are too injured to fight recklessly!
You are too injured to fight recklessly!
You are too injured to fight recklessly!
You are too injured to fight recklessly!
You are too injured to fight recklessly!
You are too injured to fight recklessly!
You are too injured to fight recklessly!
You are too injured to fight recklessly!
Unknown command.
The kobold attacks as it pursues you! The kobold hits you but does no damage.
The bullfrog closely misses you.
You hit the bullfrog.
The bullfrog looks as sick as possible!
The bullfrog is moderately wounded.
The bullfrog hits you.
* * * LOW HITPOINT WARNING * * *
The bullfrog hits you.
* * * LOW HITPOINT WARNING * * *
Unknown command.
The kobold barely misses you. The bullfrog attacks as it pursues you!
The bullfrog closely misses you. The bullfrog hits you.
You die...

.............#.......
. ..
.............#......
..
...##...##...#...##.
### ##...##...##..#
## #....#######..#
##............#
###............#
................#
........@.......#
####...##F..##..#
#..^##K..# ##
.....#....#
......#)...# .....
#.)..# . ##..## #..#
#...


You could see a bullfrog (extremely poisoned) and a kobold.

Vanquished Creatures
  An orc priest (D:4)
  3 orc wizards
  Jessica (D:2)
  An adder (D:3)
  A gnoll (D:3)
  3 dart slugs
  A ribbon worm (D:2)
  7 orcs
  3 ball pythons (D:3)
  3 endoplasms (D:1)
  A giant cockroach (D:1)
  9 hobgoblins
  10 jackals
  5 kobolds
  2 quokkas
  2 bats
  4 frilled lizards
  7 goblins
  8 rats
72 creatures vanquished.

Notes
Turn   | Place    | Note
-------+----------+-------------------------------------------
     0 | D:1      | Gadfly the Demonspawn Monk began the quest for the Orb.
     0 | D:1      | Reached XP level 1. HP: 18/18 MP: 1/1
   202 | D:1      | Gained mutation: Your movements are slightly less
                  | encumbered by armour. (ER -2) [demonic ancestry]
   202 | D:1      | Reached XP level 2. HP: 17/24 MP: 2/2
   352 | D:1      | Reached skill level 1 in Evocations
   418 | D:1      | Reached skill level 1 in Shapeshifting
   690 | D:1      | Gained mutation: Your touch may inflict minor irresistible
                  | damage on your foes. [demonic ancestry]
   690 | D:1      | Reached XP level 3. HP: 20/29 MP: 3/3
  1016 | D:2      | Noticed Jessica
  1022 | D:2      | Killed Jessica
  1075 | D:2      | Gained mutation: Your movements are less encumbered by
                  | armour. (ER -4) [demonic ancestry]
  1075 | D:2      | Reached XP level 4. HP: 17/35 MP: 4/4
  2131 | D:3      | Found Samot's Jewellery Emporium.
  2181 | D:3      | Found Kacoh's Weapon Emporium.
  2280 | D:3      | Found Ugugry's Distillery.
  2295 | D:3      | Bought a potion of degeneration for 14 gold pieces
  2330 | D:3      | Reached XP level 5. HP: 29/41 MP: 5/5
  3190 | D:4      | Slain by a bullfrog

Illustrated notes

Levels and vault maps discovered:
D:1:      dpeg_arrival_tiny_h, layout_loops_cross
D:2:      layout_loops_ring, uniq_jessica
D:3:      layout_loops_ring, serial_shops, shop, shop,
          nicolae_shop_behind_doors, palyth_stone_intersect, minmay_starry_boxes
D:4:      layout_gridville, grunt_temple_overflow_cloverleaf, uniq_duvessa

Skill      XL: |  1  2  3  4  5 |
---------------+----------------+-----
Unarmed Combat | 3 |  3.9
Evocations     | 1 2 |  2.8
Shapeshifting  | 1 2 |  2.3
Dodging        | 3 |  3.3
Fighting       | |  3.0

Action                     |  1- 3 |  4- 6 || total
---------------------------+-------+-------++-------
  Melee: Unarmed           |    72 |       ||    72
         Dagger            |    29 |   111 ||   140
    Use: Scroll            |     2 |     4 ||     6
         Potion            |     1 |     3 ||     4
 Armour: Robe              |    32 |    48 ||    80
  Dodge: Dodged            |    62 |    78 ||   140
